 Dungeon Crawl Stone Soup version 0.28-a0-537-g3bccd9ccbf (webtiles) character file.

Game seed: 11094487999837390513

1264 Demosthentine the Spear-Bearer (level 8, -7/64 HPs)
             Began as a Merfolk Gladiator on Sept 27, 2021.
             Was a Believer of Elyvilon.
             Mangled by an ogre (18 damage)
             ... on level 5 of the Dungeon.
             The game lasted 00:09:07 (5672 turns).

Demosthentine the Spear-Bearer (Merfolk Gladiator)  Turns: 5672, Time: 00:09:08

Health: -7/64      AC:  9    Str: 16    XL:     8   Next: 52%
Magic:  8/8        EV: 15    Int:  5    God:    Elyvilon [**....]
Gold:   349        SH:  0    Dex: 15    Spells: 7/7 levels left

rFire   . . .      SeeInvis +   a - +0 trident
rCold   . . .      Faith    .   (no shield)
rNeg    . . .      Spirit   .   b - +0 leather armour
rPois   +          Reflect  .   c - +1 helmet
rElec   .          Harm     .   (no cloak)
rCorr   +          Rampage  .   (no gloves)
Will    ++...                   (no boots)
Stlth   +.........              h - amulet "Ijof" {Acrobat rPois Will++ Int-3 SInv}
HPRegen 0.20/turn               i - ring of resist corrosion
MPRegen 0.11/turn               l - +4 ring of protection

@: no status effects
A: (nimble swimmer 2), mertail
a: Renounce Religion, Lesser Healing, Heal Other, Divine Protection


You were on level 5 of the Dungeon.
You worshipped Elyvilon.
Elyvilon was pleased with you.
You visited 2 branches of the dungeon, and saw 6 of its levels.
You also visited: Sewer and Ossuary.

You collected 349 gold pieces.

Inventory:

Hand Weapons
 a - a +0 trident (weapon)
Missiles
 d - a throwing net (quivered)
Armour
 b - a +0 leather armour (worn)
 c - a +1 helmet (worn)
Jewellery
 h - the amulet "Ijof" (around neck) {Acrobat rPois Will++ Int-3 SInv}
   (You acquired it on level 4 of the Dungeon)

   [amulet of the acrobat]

   It increases your evasion while moving and waiting.
   Int:       It affects your intelligence (-3).
   rPois:     It protects you from poison.
   SInv:      It lets you see invisible.
   Will:      It greatly increases your willpower.
 i - a ring of resist corrosion (left hand)
 l - a +4 ring of protection (right hand)
 n - an amulet of reflection
Wands
 j - a wand of mindburst (9)
 t - a wand of polymorph (2)
 w - a wand of acid (7)
Scrolls
 f - a scroll of enchant weapon {unknown}
 k - a scroll of vulnerability {unknown}
 r - 3 scrolls of identify
 u - a scroll of fog
 v - a scroll of enchant armour
Potions
 e - 3 potions of curing
 g - 2 potions of cancellation
 m - 2 potions of flight
 o - a potion of brilliance
 p - 2 potions of heal wounds {unknown}
 q - 2 potions of lignification {unknown}
 s - a potion of haste {unknown}


   Skills:
 + Level 5.8 Fighting
 + Level 8.4 Polearms
 - Level 2.0 Throwing
 + Level 3.5 Armour
 + Level 7.7 Dodging


You had 7 spell levels left.
You didn't know any spells.
Your spell library contained the following spells:

 Spells                   Type           Power      Damage    Failure   Level
 Apportation              Tloc           0%         N/A       54%         1
 Alistair's Intoxication  Tmut/Pois      0%         N/A       100%        5
 Invisibility             Hex            0%         N/A       100%        6


Dungeon Overview and Level Annotations

Branches:
Dungeon (5/15)             Temple (1/1) D:4           Sewer (visited)
Ossuary (visited)

Altars:
Elyvilon
Gozag
Kikubaaqudgha
Okawaru
Ru
Sif Muna
Trog
Uskayaw
Vehumet
Xom


Innate Abilities, Weirdness & Mutations

((You are quick and stealthy near water. (Stealth+, EV+, Speed+++)))
Your lower body shifts to a powerful aquatic tail in water.


Message History

You reach to attack!
You hit the gnoll.
The gnoll is heavily wounded.
The gnoll barely misses you.
Reach: a) +0 trident
Press: ? - help, Dir - move target, f/p - gnoll
Aim: a gnoll, wielding a +0 spear (heavily wounded, about 32% to evade your +0 trident)
You reach to attack!
You puncture the gnoll!
You kill the gnoll!
Unknown command.
Reach: a) +0 trident
Press: ? - help, Dir - move target, f - orc wizard
Aim: an orc wizard, wielding a +0 dagger and wearing a +0 robe (slightly transparent, about 42% to evade your +0 trident)
You reach to attack!
You puncture the orc wizard!
The orc wizard is heavily wounded.
Unknown command.
Reach: a) +0 trident
Press: ? - help, Dir - move target, f/p - orc wizard
Aim: an orc wizard, wielding a +0 dagger and wearing a +0 robe (heavily wounded, slightly transparent, about 42% to evade your +0 trident)
You hit the orc wizard.
The orc wizard is almost dead.
Unknown command.
You closely miss the orc wizard.
The orc wizard is almost dead.
The orc wizard hits you but does no damage.
You puncture the orc wizard!
You kill the orc wizard!
Throw: 3 throwing nets
Press: ? - help, Q - select action, (/) - cycle Shift-Dir - straight line, f - ogre
Aim: an ogre, wielding a +0 giant club (76% to hit)
You throw a throwing net.
The throwing net barely misses the ogre.
The ogre hits you with a +0 giant club.
* * * LOW HITPOINT WARNING * * *
Throw: 2 throwing nets
Press: ? - help, Q - select action, (/) - cycle Shift-Dir - straight line, f/p - ogre
Aim: an ogre, wielding a +0 giant club (76% to hit)
You throw a throwing net.
The throwing net barely misses the ogre.
The ogre hits you with a +0 giant club!!
You die...

#........# ###......#
#......# ♣ #......# ♣♣♣
#......# ♣.. #......#
♣♣.. #......#♣♣ ♣..♣
#......hO♣♣ ♣♣..
#......#♣@♣♣♣♣♣♣♣ ♣♣.
###....o.#♣♣......♣♣♣♣♣♣
♣.. ......[..#
♣♣♣♣♣♣♣.♣...♣♣♣..
###.....O# ♣♣.♣♣......
.........# ♣♣♣♣♣♣♣♣♣♣
.###..##.. ##. .... #.
..#.. # ..#.##


You could see a black bear and an ogre.

Vanquished Creatures
  2 wraiths (Ossuary)
  A necrophage (D:4)
  A bullfrog (Sewer)
  A scorpion (D:5)
  A water moccasin skeleton (D:4)
  3 wights (Ossuary)
  A howler monkey (D:5)
  A bullfrog zombie (D:5)
  2 hounds (D:4)
  A gnoll shaman (D:5)
  An iguana (D:4)
  2 orc wizards
  4 gnolls
  9 adders
  5 river rats (D:5)
  A white imp (D:5)
  An adder skeleton (D:5)
  An adder zombie (Ossuary)
  2 worms (D:5)
  3 dart slugs
  7 orcs
  22 endoplasms
  20 giant cockroaches
  6 goblins
  9 hobgoblins
  7 jackals
  6 kobolds
  16 quokkas
  14 ball pythons
  2 ball python skeletons (Ossuary)
  6 bats
  17 frilled lizards
  A hobgoblin skeleton (Ossuary)
  A hobgoblin zombie (Ossuary)
  An orc skeleton (Ossuary)
  3 orc zombies (Ossuary)
  7 rats
188 creatures vanquished.

Vanquished Creatures (others)
  4 plants (D:4)
4 creatures vanquished.

Grand Total: 192 creatures vanquished

Notes
Turn   | Place    | Note
-------+----------+-------------------------------------------
     0 | D:1      | Demosthentine the Merfolk Gladiator began the quest for the
                  | Orb.
     0 | D:1      | Reached XP level 1. HP: 16/16 MP: 1/1
    54 | D:1      | Reached XP level 2. HP: 22/23 MP: 2/2
    72 | D:1      | Found a faded altar of an unknown god.
   251 | D:1      | Reached XP level 3. HP: 28/28 MP: 3/3
   337 | D:1      | Reached skill level 5 in Polearms
   816 | D:2      | Reached skill level 1 in Armour
  1546 | D:2      | Reached XP level 4. HP: 35/35 MP: 4/4
  2384 | D:3      | Reached skill level 5 in Dodging
  2637 | D:4      | Found a staircase to the Ecumenical Temple.
  2669 | Temple   | Entered the Ecumenical Temple
  2918 | Temple   | Became a worshipper of Elyvilon the Healer
  2978 | D:4      | Reached XP level 5. HP: 24/41 MP: 5/5
  3449 | D:4      | Noticed a necrophage
  3460 | D:4      | Killed a necrophage
  3461 | D:4      | Reached skill level 6 in Polearms
  3461 | D:4      | Reached XP level 6. HP: 43/48 MP: 6/6
  3919 | D:4      | Reached * piety under Elyvilon
  4223 | D:4      | Identified a scroll of acquirement
  4223 | D:4      | Acquired the amulet "Ijof" {Acrobat rPois Will++ Int-3
                  | SInv}
  4269 | D:5      | Entered Level 5 of the Dungeon
  4351 | D:5      | Found a sand-covered staircase.
  4360 | Ossuary  | Entered an ossuary
  4425 | Ossuary  | Reached XP level 7. HP: 33/55 MP: 7/7
  4465 | Ossuary  | Noticed a wraith
  4465 | Ossuary  | Noticed a flying skull
  4471 | Ossuary  | Noticed a flying skull
  4476 | Ossuary  | Noticed a flying skull
  4557 | Ossuary  | Noticed a wraith
  4565 | Ossuary  | Killed a wraith
  4566 | Ossuary  | Reached skill level 7 in Polearms
  4593 | Ossuary  | Noticed a wraith
  4598 | Ossuary  | Killed a wraith
  4599 | Ossuary  | Reached skill level 5 in Fighting
  4606 | Ossuary  | Noticed a flying skull
  4608 | Ossuary  | Noticed a flying skull
  4621 | Ossuary  | Reached XP level 8. HP: 34/62 MP: 8/8
  4758 | D:5      | Found a glowing drain.
  4772 | Sewer    | Entered a sewer
  5152 | Sewer    | Reached skill level 8 in Polearms
  5362 | D:5      | Reached ** piety under Elyvilon
  5672 | D:5      | Mangled by an ogre

Illustrated notes

Levels and vault maps discovered:
D:1:      dpeg_arrival_brainrot, layout_rooms,
          shapermc_ecumenical_altar_starsandcircs
D:2:      layout_loops_cross, serial_bayou_pond_d, minmay_goblin_outpost
D:3:      minmay_wonky_spiral, layout_basic, minmay_misc_feat_tower,
          grunt_ministairs_5
D:4:      cheibrodos_old_hovel, layout_loops_ring, minmay_temple_entry_arrows,
          guppyfry_early_lair_pool
D:5:      kb_forest_paths, layout_basic, lightli_ossuary_entry_decrepit_ruins,
          lightli_sewer_entry_pipes, minmay_strange_pillars, hex_intersection,
          minmay_bent
Temple:   jpeg_temple_alley_garden

Skill      XL: |  1  2  3  4  5  6  7  8 |
---------------+-------------------------+-----
Polearms       | 5 6 7 8 |  8.4
Armour         | 1 2 3 |  3.5
Fighting       | 3 4 5 |  5.8
Dodging        | 5 6 7 |  7.7
Throwing       | |  2.0

Action                   |  1- 3 |  4- 6 |  7- 9 || total
-------------------------+-------+-------+-------++-------
Melee: Trident           |   108 |   240 |   310 ||   658
       Tailslap          |       |     3 |    14 ||    17
Throw: Throwing net      |       |       |     2 ||     2
  Use: Scroll            |     3 |    11 |       ||    14
       Potion            |       |       |     2 ||     2
 Stab: Distracted        |     1 |       |       ||     1
       Sleeping          |     3 |     1 |     8 ||    12
Armor: Leather armour    |    24 |    43 |    60 ||   127
Dodge: Dodged            |    68 |   111 |   210 ||   389
Block: Other             |       |    33 |       ||    33
       Reflection        |       |     1 |       ||     1

Table legend: (Time is in decaauts)
 A = Elapsed time spent in this place.
 B = Non-inter-level travel time spent in this place.
 C = Inter-level travel time spent in this place.
 D = Time resting spent in this place.
 E = Time spent auto-exploring this place.
 F = Levels seen in this place.
 G = Mean time per level.
                   A        B        C        D        E       F      G
               +--------+--------+--------+--------+--------+-----+--------+
         Total |   5564 |   5425 |    139 |     16 |   4076 |   8 |  695.5 |
       Dungeon |   4516 |   4401 |    115 |     16 |   3565 |   5 |  903.2 |
        Temple |    276 |    252 |     24 |      0 |    186 |   1 |  276.0 |
         Sewer |    439 |    439 |      0 |      0 |    225 |   1 |  439.0 |
       Ossuary |    331 |    331 |      0 |      0 |    100 |   1 |  331.0 |
               +--------+--------+--------+--------+--------+-----+--------+

Top non-repeatable levels by time:
     D:4: 1352 daAuts
     D:2: 1033 daAuts
     D:3: 832 daAuts
     D:1: 773 daAuts
     D:5: 523 daAuts
   Sewer: 439 daAuts
 Ossuary: 331 daAuts
  Temple: 276 daAuts
